 Dungeon Crawl Stone Soup version 0.28.0-53-g5a82cb258f (webtiles) character file.

Game seed: 1154752344491084864

125001 LustLizard the Severer (level 16, -1/217 HPs)
             Began as a Minotaur Berserker on July 11, 2022.
             Was an Elder of Trog.
             Killed by the raging water
             ... invoked by a water nymph
              (12 damage)
             ... on level 1 of the Shoals.
             The game lasted 01:15:03 (38687 turns).

LustLizard the Severer (Minotaur Berserker)        Turns: 38687, Time: 01:15:05

Health: -1/217     AC: 19    Str: 35    XL:     16   Next: 40%
Magic:  15/15      EV: 25    Int: 19    God:    Trog [****..]
Gold:   1830       SH:  0    Dex:  9    Spells: 15/15 levels left

rFire   + . .      SeeInvis .   G - +8 broad axe (flame)
rCold   + . .      Faith    .   K - orb {light}
rNeg    . . .      Spirit   .   F - +4 chain mail
rPois   +          Reflect  .   V - +2 hat {Int+3}
rElec   .          Harm     .   H - scarf {rC+ rF+}
rCorr   .          Rampage  .   (no gloves)
Will    +++..                   y - +0 pair of boots "Numy" {Will++ Int+10}
Stlth   ..........              X - amulet of the acrobat
HPRegen 0.46/turn               E - ring of the Suburbs {+Blink Str+6}
MPRegen 0.14/turn               l - ring of poison resistance

@: berserking (expiring), lethally poisoned (-1 -> -13), acrobatic, glowing,
slow
A: horns 2, retaliatory headbutt
a: Renounce Religion, Evoke Blink, Berserk, Trog's Hand, Brothers in Arms


You were on level 1 of the Shoals.
You worshipped Trog.
Trog was greatly pleased with you.
You visited 5 branches of the dungeon, and saw 24 of its levels.
You also visited: Ice Cave.

You collected 2129 gold pieces.
You spent 299 gold pieces at shops.

Inventory:

Hand Weapons
 G - a +8 broad axe of flaming (weapon)
Missiles
 d - 9 boomerangs
 f - 672 stones
 m - 6 atropa-tipped darts
 n - 5 throwing nets
 s - 2 javelins
 t - 49 poisoned darts
Armour
 y - the +0 pair of boots "Numy" (worn) {Will++ Int+10}
   (You found it on level 14 of the Dungeon)

   Int:       It affects your intelligence (+10).
   Will:      It greatly increases your willpower.
 F - a +4 chain mail (worn)
 H - a scarf of resistance (worn)
 K - an orb of light (worn)
 O - a +0 kite shield
 V - a +2 hat of intelligence (worn)
Jewellery
 c - a +4 ring of protection
 l - a ring of poison resistance (right hand)
 E - the ring of the Suburbs (left hand) {+Blink Str+6}
   (You found it on level 7 of the Dungeon)

   [ring of strength]

   Str:       It affects your strength (+6).
   +Blink:    It lets you blink.
 Q - a ring of resist corrosion
 X - an amulet of the acrobat (around neck)
Wands
 j - a wand of mindburst (4)
 k - a wand of digging (9)
 D - a wand of iceblast (2)
 J - a wand of flame (15) (quivered)
 L - a wand of charming (3)
 N - a wand of paralysis (7)
 Y - a wand of polymorph (4)
 Z - a wand of acid (7)
Scrolls
 a - a scroll of silence
 b - 3 scrolls of fog
 h - 2 scrolls of holy word
 q - 4 scrolls of enchant armour
 r - 6 scrolls of identify
 u - 8 scrolls of teleportation
 v - 6 scrolls of immolation
 R - 3 scrolls of magic mapping
 W - a scroll of fear
Potions
 e - 3 potions of resistance
 p - 2 potions of cancellation
 x - 10 potions of curing
 z - a potion of heal wounds
 A - a potion of ambrosia
 B - a potion of lignification
 M - 3 potions of might
 P - 2 potions of invisibility
 S - a potion of flight
 U - 2 potions of mutation
Miscellaneous
 g - a phantom mirror
 T - a phial of floods


   Skills:
 + Level 13.8 Fighting
 * Level 16.4 Axes
 * Level 15.6 Throwing
 - Level 10.1 Armour
 - Level 2.1 Dodging
 - Level 11.3 Shields
 * Level 12.0 Evocations


You had 15 spell levels left.
You didn't know any spells.
Your spell library was empty.

Dungeon Overview and Level Annotations

Branches:
Dungeon (14/15)            Temple (0/1) D:5            Lair (6/6) D:10
 Shoals (1/4) Lair:4        Snake (1/4) Lair:4        Slime (0/5) Lair:5
    Orc (2/2) D:11            Elf (0/3) Orc:2        Vaults (0/5) D:14
  IceCv (visited)

Altars:
Fedhas
Ru
Vehumet
Zin
Beogh
Jiyva

Shops:
D:8 *   D:10 =   D:14 *?=   Orc:2 (!!(

Annotations:
Snake:1 Mlioglotl


Innate Abilities, Weirdness & Mutations

You have a pair of horns on your head.
You reflexively headbutt those who attack you in melee.


Message History

Your two-headed ogre's corpse disappears in a puff of smoke!
Donald blocks your attack.
You headbutt Donald!
Donald is heavily wounded.
You feel very sick. Donald barely misses you. You furiously retaliate!
You headbutt Donald! Donald blocks your attack.
You headbutt Donald!!
Donald is almost dead.
You feel very sick.
Donald hits you with a +0 broad axe of venom!!
* * * LOW HITPOINT WARNING * * *
Donald blocks your attack.
Donald is almost dead.
You feel very sick.
A water nymph comes into view.
Donald hits you with a +0 broad axe of venom!!
* * * LOW HITPOINT WARNING * * *
Donald blocks your attack.
The water nymph shouts!
Donald blocks your attack.
Donald is almost dead.
* * * LOW HITPOINT WARNING * * *
You feel very sick.
You slice Donald!!
You kill Donald!
Trog accepts your kill.
Trog appreciates your killing of a magic user.
* * * LOW HITPOINT WARNING * * *
You feel very sick.
You are too berserk!
Unknown command.
* * * LOW HITPOINT WARNING * * *
You feel very sick.
You enter the shallow water.
Moving in this stuff is going to be slow.
You feel a strong urge to attack something.
* * * LOW HITPOINT WARNING * * *
You feel very sick. The water nymph casts a spell at you.
The water swirls and strikes you!
You die...

.. .P≈P≈≈≈≈≈≈≈
..###.P≈≈≈≈≈≈≈≈
#...≈≈≈≈≈≈≈≈≈≈
##.PP≈P≈≈≈≈≈≈≈
.P..≈P≈≈≈≈≈≈≈
#..≈≈≈≈≈≈≈≈≈ #.)≈≈≈≈≈≈≈≈
#### ##.@≈≈≈≈m≈≈
#..###..≈≈≈≈≈≈≈≈ ######
##......≈≈≈≈≈≈≈≈≈
.....###......≈≈≈≈≈≈≈≈≈≈
≈≈≈≈≈≈...≈≈..≈≈≈≈≈≈≈≈≈≈≈
≈≈≈≈≈≈≈..≈≈≈≈≈≈≈≈≈≈≈≈≈≈≈
≈≈≈≈≈≈≈≈≈≈≈.≈≈≈≈≈≈≈≈≈≈≈≈
≈≈≈≈≈≈≈≈≈≈≈≈≈≈≈≈≈≈≈≈≈≈≈≈
≈≈≈≈≈≈≈≈≈≈≈≈≈≈≈≈≈≈≈≈≈≈≈


You could see a water nymph.

Vanquished Creatures
  Donald (Shoals:1)
  Gastronok (D:11)
  Kirke (Shoals:1)
  An ironbound preserver (D:14)
  The ghost of Leoggyit the Cleaver, a journeyman MiBe of Trog (Lair:5)
  A dire elephant (Lair:6)
  11 hydras
  The ghost of Diggabert the Basher, a journeyman HuFi of Zin (D:9)
  2 boulder beetles
  Erica (Orc:1)
  A catoblepas (D:13)
  9 two-headed ogres
  A merfolk avatar (Lair:6)
  A death knight (D:14)
  7 centaur warriors
  6 death yaks
  A tengu warrior (D:14)
  An orb spider (shapeshifter) (D:14)
  A deep elf pyromancer (D:14)
  3 harpies (Lair:6)
  An oklob plant (Lair:1)
  7 ugly things
  3 orc sorcerers
  4 orc knights
  7 manticores
  7 cyclopes
  Maurice (D:11)
  Joseph (D:8)
  22 elephants
  A water nymph (Shoals:1)
  3 ice statues (IceCv)
  9 black mambas
  A gargoyle (D:14)
  18 cane toads
  2 unseen horrors
  7 kobold demonologists
  4 rime drakes
  13 komodo dragons
  An entropy weaver simulacrum (IceCv)
  A freezing wraith (IceCv)
  A rime drake (shapeshifter) (D:14)
  2 tengu conjurers (D:14)
  2 anaconda simulacra (IceCv)
  3 wind drakes
  2 merfolk (Shoals:1)
  6 trolls
  6 polar bears
  7 hornets
  14 slime creatures
  17 blink frogs
  A shadow (D:10)
  A dire elephant simulacrum (IceCv)
  A vampire (D:13)
  50 yaks
  4 basilisks
  6 wyverns
  3 steam dragons
  3 wargs (D:10)
  An acid dragon (D:10)
  20 water moccasins
  3 black bears
  A sky beast (D:6)
  A necrophage (D:5)
  5 ogres
  28 orc warriors
  6 wolves (Lair:1)
  27 centaurs
  3 kobold brigands
  12 bullfrogs
  A gnoll sergeant (D:10)
  3 scorpions
  2 cane toad simulacra (IceCv)
  3 killer bees (D:7)
  A wight (D:10)
  2 howler monkeys
  A hound (D:5)
  3 jellies
  13 orc priests
  7 centaur zombies
  3 gnoll shamans
  17 orc wizards
  A scorpion zombie (D:5)
  6 iguanas
  2 wolf simulacra (IceCv)
  A killer bee zombie (D:6)
  A hound zombie (D:5)
  4 adders
  21 gnolls
  A howler monkey zombie (D:8)
  3 shadow imps
  An adder skeleton (D:4)
  A worm (D:4)
  2 dart slugs
  47 orcs
  6 ball pythons
  2 endoplasms
  A giant cockroach (D:4)
  9 goblins
  4 hobgoblins
  3 jackals (D:2)
  2 quokkas
  5 bats
  4 frilled lizards
  21 kobolds
  3 rats
608 creatures vanquished.

Vanquished Creatures (collateral kills)
  A cyclops (D:9)
1 creature vanquished.

Vanquished Creatures (others)
  A ball python (D:2)
  A bush (Lair:6)
  33 fungi
  65 plants
100 creatures vanquished.

Grand Total: 709 creatures vanquished

Notes
Turn   | Place    | Note
-------+----------+-------------------------------------------
     0 | D:1      | LustLizard the Minotaur Berserker began the quest for the
                  | Orb.
     0 | D:1      | Reached XP level 1. HP: 19/19 MP: 0/0
   368 | D:1      | Reached skill level 4 in Axes
   394 | D:1      | Reached XP level 2. HP: 23/27 MP: 1/1
   466 | D:1      | Found a faded altar of an unknown god.
  1205 | D:2      | Reached ** piety under Trog
  1210 | D:2      | Reached skill level 1 in Throwing
  1212 | D:2      | Reached XP level 3. HP: 29/33 MP: 2/2
  2103 | D:3      | Found a radiant altar of Vehumet.
  2317 | D:3      | Reached XP level 4. HP: 40/40 MP: 3/3
  2397 | D:3      | Reached skill level 1 in Evocations
  2994 | D:3      | Reached skill level 5 in Axes
  3399 | D:4      | Noticed a scorpion
  3405 | D:4      | Killed a scorpion
  3406 | D:4      | Reached XP level 5. HP: 43/47 MP: 4/4
  3765 | D:4      | Found a sacrificial altar of Ru.
  3927 | D:4      | Reached XP level 6. HP: 53/53 MP: 5/5
  4063 | D:5      | Entered Level 5 of the Dungeon
  4119 | D:5      | Reached *** piety under Trog
  4186 | D:5      | Reached skill level 6 in Axes
  4191 | D:5      | Reached skill level 5 in Fighting
  4409 | D:5      | Reached XP level 7. HP: 61/61 MP: 6/6
  4480 | D:5      | Found a staircase to the Ecumenical Temple.
  4869 | D:5      | Reached skill level 7 in Axes
  5152 | D:6      | Reached XP level 8. HP: 36/70 MP: 7/7
  5362 | D:6      | Reached skill level 5 in Throwing
  5676 | D:6      | Noticed a boulder beetle
  6099 | D:6      | Noticed a kobold demonologist
  6180 | D:6      | Killed a boulder beetle
  6181 | D:6      | Reached skill level 8 in Axes
  6181 | D:6      | Reached skill level 5 in Evocations
  6181 | D:6      | Reached XP level 9. HP: 70/78 MP: 8/8
  6214 | D:6      | Noticed a red devil
  6255 | D:6      | Killed a kobold demonologist
  6335 | D:6      | Reached skill level 9 in Axes
  7142 | D:7      | Identified the ring of the Suburbs {+Blink Str+6}
  8468 | D:8      | Reached **** piety under Trog
  8686 | D:8      | Reached skill level 10 in Axes
  8693 | D:8      | Noticed a two-headed ogre
  8704 | D:8      | Killed a two-headed ogre
  8705 | D:8      | Reached XP level 10. HP: 41/86 MP: 9/9
  9076 | D:8      | Noticed a two-headed ogre
  9110 | D:8      | Killed a two-headed ogre
  9346 | D:8      | Found Zin's Purification Station.
  9351 | D:8      | Found a glowing silver altar of Zin.
  9409 | D:8      | Noticed Joseph
  9518 | D:8      | Found a blossoming altar of Fedhas.
  9600 | D:8      | Killed Joseph
  9783 | D:9      | Noticed a two-headed ogre
  9799 | D:9      | Killed a two-headed ogre
  9800 | D:9      | Reached skill level 11 in Axes
 10243 | D:9      | Noticed a cyclops
 10675 | D:9      | Noticed a two-headed ogre
 10734 | D:9      | Killed a cyclops
 10864 | D:9      | Identified the +2 robe of the Little Devil {Int+2}
 10929 | D:9      | Found a runed translucent door.
 10945 | D:9      | Noticed Diggabert's ghost (journeyman HuFi)
 11433 | D:9      | Killed a two-headed ogre
 11434 | D:9      | Reached XP level 11. HP: 75/95 MP: 10/10
 11534 | D:9      | Killed Diggabert's ghost
 11646 | D:10     | Entered Level 10 of the Dungeon
 11655 | D:10     | Paralysed by a hornet for 3 turns
 11882 | D:10     | Reached skill level 12 in Axes
 12169 | D:10     | Found Megh's Jewellery Shop.
 12654 | D:10     | Found a staircase to the Lair.
 13162 | D:10     | Reached skill level 10 in Throwing
 13756 | D:10     | Reached skill level 1 in Shields
 14160 | D:11     | Noticed a cyan ugly thing
 14187 | Lair:1   | Entered Level 1 of the Lair of Beasts
 14187 | Lair:1   | Noticed an oklob plant
 14199 | Lair:1   | Killed an oklob plant
 14358 | Lair:1   | Noticed a five-headed hydra
 14365 | Lair:1   | Killed a five-headed hydra
 14679 | Lair:1   | Reached skill level 13 in Axes
 14679 | Lair:1   | Reached XP level 12. HP: 101/105 MP: 11/11
 14998 | Lair:1   | Noticed a seven-headed hydra
 16073 | Lair:2   | Noticed a four-headed hydra
 16083 | Lair:1   | Killed a four-headed hydra
 16084 | Lair:1   | Reached skill level 5 in Armour
 16726 | Lair:2   | Reached skill level 10 in Fighting
 17093 | Lair:2   | Reached skill level 5 in Shields
 17995 | Lair:3   | Noticed an eight-headed hydra
 18001 | Lair:3   | Killed an eight-headed hydra
 18432 | Lair:4   | Reached skill level 14 in Axes
 18691 | Lair:4   | Found a staircase to the Snake Pit.
 18844 | Lair:4   | Reached XP level 13. HP: 114/114 MP: 12/12
 18946 | Lair:4   | Found a staircase to the Shoals.
 19691 | Lair:5   | Reached ***** piety under Trog
 20884 | Lair:4   | Reached skill level 15 in Axes
 20884 | Lair:4   | Reached skill level 10 in Evocations
 20884 | Lair:4   | Reached XP level 14. HP: 124/124 MP: 13/13
 20925 | Snake:1  | Entered Level 1 of the Snake Pit
 20925 | Snake:1  | Noticed Mlioglotl
 21121 | Lair:5   | Received a gift from Trog
 21223 | Lair:5   | Reached skill level 10 in Armour
 21893 | Lair:5   | Found a staircase to the Slime Pits.
 21893 | Lair:5   | Found a viscous altar of Jiyva.
 22031 | Lair:5   | Found a runed translucent gate.
 22032 | Lair:5   | Found a runed translucent gate.
 22034 | Lair:5   | Found a runed translucent gate.
 22037 | Lair:5   | Noticed Leoggyit's ghost (journeyman MiBe)
 22190 | Lair:5   | Killed Leoggyit's ghost
 22238 | Lair:6   | Entered Level 6 of the Lair of Beasts
 23123 | Lair:6   | Reached XP level 15. HP: 111/132 MP: 14/14
 26545 | D:11     | Found a staircase to the Orcish Mines.
 26561 | D:11     | Noticed Gastronok
 26566 | D:11     | Killed Gastronok
 26690 | D:11     | Noticed Maurice
 26726 | D:11     | Killed Maurice
 27344 | D:12     | Found a frozen archway.
 27357 | IceCv    | Entered an ice cave
 27925 | IceCv    | Reached skill level 10 in Shields
 30167 | Orc:1    | Entered Level 1 of the Orcish Mines
 30253 | Orc:1    | Noticed Erica
 30263 | Orc:1    | Killed Erica
 30668 | Orc:1    | Reached skill level 15 in Throwing
 30768 | Orc:2    | Entered Level 2 of the Orcish Mines
 30985 | Orc:2    | Received a gift from Trog
 32974 | D:14     | Identified the +0 pair of boots "Numy" {Will++ Int+10}
 33014 | D:14     | Reached XP level 16. HP: 74/144 MP: 15/15
 33276 | D:14     | Found Xicki's Magic Scroll Boutique.
 33284 | D:14     | Bought a scroll of magic mapping for 56 gold pieces
 33284 | D:14     | Bought a scroll of teleportation for 48 gold pieces
 33284 | D:14     | Bought a scroll of enchant armour for 120 gold pieces
 33474 | D:14     | Found Nufaw's Jewellery Emporium.
 33631 | D:14     | Found Cuym's Jewellery Shoppe.
 34097 | D:14     | Identified the +0 hat of Laygomurgh {Dex+3}
 34255 | D:14     | Reached skill level 16 in Axes
 34497 | D:14     | Found a gate to the Vaults.
 35353 | D:14     | Found Ripus's General Store.
 35382 | D:14     | Bought a potion of heal wounds for 75 gold pieces
 37376 | Orc:2    | Found a staircase to the Elven Halls.
 37747 | Orc:2    | Found Loazoc's Distillery.
 37747 | Orc:2    | Found Cekhluad's Distillery.
 37750 | Orc:2    | Found Huecan's Weapon Shop.
 37752 | Orc:2    | Found Udiehaac's Antique Weapon Emporium.
 38105 | Shoals:1 | Entered Level 1 of the Shoals
 38573 | Shoals:1 | Noticed Kirke
 38585 | Shoals:1 | Killed Kirke
 38669 | Shoals:1 | Noticed Donald
 38685 | Shoals:1 | Killed Donald
 38687 | Shoals:1 | Killed from afar by a water nymph

Illustrated notes

Levels and vault maps discovered:
D:1:      elethiomel_arrival_shortcut, layout_basic,
          hellmonk_ecumenical_altar_heavens_door, serial_park_tiny_2,
          amcnicky_mini_pool_small, grunt_decor_resistance
D:2:      layout_rooms
D:3:      layout_loops_ring, mainiacjoe_overflow_six_doors_small
D:4:      layout_basic, general_overflow_altar
D:5:      layout_loops_cross, minmay_temple_entry_arrows
D:6:      minmay_chambers_of_sixes, layout_basic
D:7:      layout_basic
D:8:      layout_cave_pools, zin_purify, kennysheep_little_box, uniq_joseph
D:9:      layout_cave_pools, hellmonk_ghost_happy_afterlife
D:10:     minmay_stone_box, layout_basic, erik_lair_orcish_takeover,
          serial_shops, nicolae_diamond_shop, minmay_alternating_orb
D:11:     layout_rooms, orc_0_dummy, uniq_maurice, uniq_gastronok
D:12:     wad_river_or_something, layout_gridville,
          portal_ice_cave_entry_pillars_2
D:13:     layout_basic
D:14:     layout_basic, skrybe_vaults_entry_preservation, serial_shops,
          nicolae_inconvenience_store, shop, shop, nicolae_shop_statue_plus
Lair:1:   layout_regular_city, dpeg_stationary_puzzle, grunt_megastairs_4,
          infiniplex_staircase_pool, lemuel_fruit_tree
Lair:2:   layout_misc_corridors, serial_bayou_shore_b, serial_bayou_shore_b
Lair:3:   layout_roguey, grunt_megastairs_5
Lair:4:   layout_roguey, elwin_shoals_entry_rocks,
          minmay_snake_entry_six_corridors, chequers_serial_rivers_small_a,
          infiniplex_staircase_pool_2
Lair:5:   layout_roguey, slime_altar_1, ebering_ghost_rock_garden,
          grunt_megastairs_2
Lair:6:   gammafunk_lair_ancient_temple, layout_small_grid
Shoals:1: layout_shoals, regret_index_shoals_crete, uniq_louise, uniq_donald,
          uniq_kirke
Snake:1:  layout_misc_corridors, nicolae_snake_serpentine_bazaar,
          uniq_mlioglotl, uniq_aizul
Orc:1:    layout_diamond_mine, basic_altar, uniq_erica
Orc:2:    st_orc_rangers, layout_caves

Skill      XL: |  1  2  3  4  5  6  7  8  9 10 11 12 13 14 15 16 |
---------------+-------------------------------------------------+-----
Axes           | 4 5 6 7 8 10 11 13 14 15 16 | 16.4
Fighting       | 4 5 6 7 8 9 10 11 12 13 | 13.8
Throwing       | 1 2 3 4 6 7 9 10 11 12 13 15 | 15.6
Evocations     | 1 2 3 4 5 6 8 9 10 11 12 | 12.0
Shields        | 2 5 7 11 | 11.3
Armour         | 4 7 9 10 | 10.1
Dodging        | |  2.1

Action                   |  1- 3 |  4- 6 |  7- 9 | 10-12 | 13-15 | 16-18 || total
-------------------------+-------+-------+-------+-------+-------+-------++-------
Melee: Hand axe          |    14 |       |       |       |       |       ||    14
       Short sword       |    65 |    78 |   163 |       |       |       ||   306
       Headbutt          |     9 |     8 |    33 |   102 |   146 |    34 ||   332
       Punch             |       |       |     3 |       |       |       ||     3
       War axe           |       |       |    28 |   377 |   479 |    83 ||   967
       Broad axe         |       |       |       |       |       |    25 ||    25
Throw: Stone             |       |    62 |   118 |   266 |   664 |   181 ||  1291
       Boomerang         |       |     3 |     4 |    38 |    50 |    20 ||   115
       Dart              |       |       |     9 |    10 |       |     6 ||    25
Invok: Berserk           |       |     1 |     3 |     8 |     6 |     1 ||    19
       Brothers in Arms  |       |       |       |     2 |     2 |     1 ||     5
       Trog's Hand       |       |       |       |       |     1 |     1 ||     2
 Abil: Evoke Blink       |       |       |       |     5 |     2 |     1 ||     8
Evoke: Wand              |       |       |       |     8 |     1 |     5 ||    14
  Use: Scroll            |       |     4 |     4 |    16 |     6 |    10 ||    40
       Potion            |       |       |     3 |     1 |     3 |     1 ||     8
 Stab: Distracted        |       |       |       |       |       |     1 ||     1
Armor: Animal skin       |     5 |       |       |       |       |       ||     5
       Ring mail         |    17 |    18 |    88 |       |       |       ||   123
       Leather armour    |     5 |       |       |       |       |       ||     5
       Chain mail        |       |       |    13 |    66 |       |    45 ||   124
       Plate armour      |       |       |       |    94 |   299 |    36 ||   429
Dodge: Dodged            |    35 |    38 |   121 |   153 |   229 |   111 ||   687
